 Dungeon Crawl Stone Soup version 0.21.0-25-ge575cb9 (webtiles) character file.

44 Mgcat the Ruffian (level 3, -6/28 HPs)
             Began as a Draconian Transmuter on Jan 23, 2018.
             Killed from afar by Sigmund (10 damage)
             ... with a magic dart
             ... on level 2 of the Dungeon.
             The game lasted 00:02:15 (1694 turns).

Mgcat the Ruffian (Draconian Transmuter)            Turns: 1694, Time: 00:02:16

Health: -6/28      AC:  5    Str: 12    XL:     3   Next: 39%
Magic:  6/6        EV: 12    Int: 14    God:
Gold:   45         SH:  0    Dex: 11    Spells: 3/6 levels left

rFire    . . .     SeeInvis .     - Unarmed
rCold    . . .     Gourm    .   (no shield)
rNeg     . . .     Faith    .   (armour unavailable)
rPois    .         Spirit   .   (helmet restricted)
rElec    .         Reflect  .   (no cloak)
rCorr    .         Harm     .   (no gloves)
MR       .....                  (no boots)
Stlth    +.........             (no amulet)
HPRegen  0.09/turn              (no ring)
MPRegen  0.10/turn              (no ring)

@: confused
A: unfitting armour, cold-blooded, AC +5
a: no special abilities


You were on level 2 of the Dungeon.
You were hungry.

You visited 1 branch of the dungeon, and saw 2 of its levels.

You collected 45 gold pieces.

Inventory:

Missiles
 a - 12 arrows
Scrolls
 e - a scroll of enchant weapon {unknown}
 g - a scroll of identify {unknown}
Potions
 d - 3 potions of curing {unknown}
Books
 b - a book of Changes

   Spells                             Type                      Level
   a - Beastly Appendage              Transmutation                1
   b - Sticks to Snakes               Transmutation                2
   c - Spider Form                    Transmutation/Poison         3
   d - Ice Form                       Ice/Transmutation            4
   e - Blade Hands                    Transmutation                5
Comestibles
 c - 2 rations
 f - 4 chunks of flesh


   Skills:
 - Level 1.1 Fighting
 - Level 1.7 Dodging
 + Level 4.5 Unarmed Combat
 - Level 2.0 Spellcasting
 - Level 2.0 Transmutations


You had 3 spell levels left.
You knew the following spells:

 Your Spells              Type           Power        Failure   Level  Hunger
a - Beastly Appendage     Tmut           #.....       11%         1    ##.....
b - Sticks to Snakes      Tmut           #.......     16%         2    ###....


Dungeon Overview and Level Annotations

Branches:
Dungeon (2/15)

Altars:
Zin

Annotations:
D:2 2 transporters, Sigmund


Innate Abilities, Weirdness & Mutations

Your plain brown scales are hard. (AC +5)
You cannot fit into any form of body armour.
You are cold-blooded and may be slowed by cold attacks.


Message History

You barely miss Sigmund.
Sigmund is severely wounded.
Sigmund gestures at you while chanting.
You are more confused.
You bump into the rock wall.
Sigmund hits you with a scythe.
* * * LOW HITPOINT WARNING * * *
You're too confused to move!
You barely miss Sigmund.
Sigmund is severely wounded.
You are feeling hungry.
Sigmund barely misses you. Sigmund barely misses you.
You bump into the rock wall.
Sigmund looks at you with fury. Sigmund barely misses you.
You bump into the rock wall.
Your talons disappear.
Sigmund points at you and mumbles some strange words.
The magic dart hits you!
You die...

.# .# ### ##.# #..
...##### #.#
##....... #@#
#.>...###
######@####.......#
#..............##.#
#.####.###.....##.#
#.###.....##.#
.........###.# #
#.#####....##.# #.
##.......# # #.
##.......### ## ..
#.........##.#.


You could see Sigmund.

Vanquished Creatures
  2 adders (D:2)
  7 bats (D:1)
  3 goblins (D:1)
  5 hobgoblins
  2 jackals (D:2)
  A frilled lizard (D:1)
  2 kobolds (D:1)
  3 rats
25 creatures vanquished.

Notes
Turn   | Place    | Note
-------+----------+-------------------------------------------
     0 | D:1      | Mgcat the Draconian Transmuter began the quest for the Orb.
     0 | D:1      | Reached XP level 1. HP: 16/16 MP: 3/3
   401 | D:1      | Reached XP level 2. HP: 23/23 MP: 5/5
  1083 | D:2      | Found a glowing silver altar of Zin.
  1088 | D:2      | Learned a level 2 spell: Sticks to Snakes
  1089 | D:2      | Found a transporter.
  1104 | D:2      | Found a transporter.
  1170 | D:2      | Reached skill level 4 in Unarmed Combat
  1239 | D:2      | Reached XP level 3. HP: 16/28 MP: 6/6
  1673 | D:2      | Noticed Sigmund
  1694 | D:2      | Killed from afar by Sigmund

Skill      XL: |  1  2 |
---------------+-------+-----
Unarmed Combat | 4 |  4.5
Fighting       | |  1.1
Dodging        | |  1.7
Spellcasting   | |  2.0
Transmutations | |  2.0

Action                   || total
-------------------------++-------
Melee: Unarmed           ||   109
       Tailslap          ||     8
       Kick              ||     1
 Cast: Beastly Appendage ||     1
 Stab: Sleeping          ||     3
  Eat: Chunk             ||     2
Armor: Skin              ||    36
Dodge: Dodged            ||    61
